 Dungeon Crawl Stone Soup version 0.30-b1-2-g02819fbbbe (webtiles) character file.

Game seed: 3561885217930994278

42997 Borgoz the Carver (level 14, -10/118 HPs)
             Began as a Human Monk on June 25, 2023.
             Was an Elder of Ashenzari.
             Mangled by Agnes
             ... wielding a +4 lajatang of pain
              (31 damage)
             ... on level 14 of the Dungeon.
             The game lasted 00:33:10 (14460 turns).

Borgoz the Carver (Human Monk)                     Turns: 14460, Time: 00:33:11

Health: -10/118    AC: 22    Str:  8    XL:     14   Next: 58%
Magic:  14/14      EV:  6    Int:  7    God:    Ashenzari [****..]
Gold:   897        SH:  0    Dex: 14    Spells: 13/13 levels left

rFire   . . .        b - +1 scimitar "Revealing Trepidation" {flame, Bglg, Self} (curse)
rCold   + . .        z - +0 kite shield "Share My Unpleasantness" {Fort, Elem} (curse)
rNeg    + + +        g - +1 chain mail of the Lashed Firmament {rN+++ Will+++ Str-5 Dex-2, Comp, Fort} (curse)
rPois   .            j - +2 hat "Behold Eternity" {Cun, Alch} (curse)
rElec   .            u - +1 cloak of the Unveiling Prison {Alch, Evo} (curse)
rCorr   .            v - +2 pair of gloves of Supernal Knowledge {rN++ Int-5 Slay+6 Stlth+, Melee, Self} (curse)
SInv    +            (no boots)
Will    ++++.        (no amulet) Stlth
                     q - ring "Bound Submission" {Slay+4, Range, Fort} (curse)
HPRegen 0.39/turn    r - ring of protection from cold
MPRegen 0.14/turn

%: clarity
@: confused, ambrosia-drunk
A: weak 1
a: Renounce Religion, Shatter the Chains


You were on level 14 of the Dungeon.
You worshipped Ashenzari.
Ashenzari was greatly pleased with you.
You visited 1 branch of the dungeon, and saw 14 of its levels.
You also visited: Bailey.

You collected 897 gold pieces.

Inventory:

Hand Weapons
 b - the cursed +1 scimitar "Revealing Trepidation" (weapon) {flame, Bglg, Self}
   (You took it off a wight on level 8 of the Dungeon)

   It has a curse which improves the following skills: Beguiling: Conjurations,
   Hexes and Translocations.
   Introspection: Fighting and Spellcasting.
Missiles
 l - 54 poisoned darts (quivered)
 m - 11 curare-tipped darts
 K - 4 throwing nets
Armour
 d - an orb of light
 g - the cursed +1 chain mail of the Lashed Firmament (worn) {rN+++ Will+++ Str-5 Dex-2, Comp, Fort}
   (You found it on level 9 of the Dungeon)

   Str:       It affects your strength (-5).
   Dex:       It affects your dexterity (-2).
   rN:        It renders you almost immune to negative energy.
   Will:      It greatly increases your willpower.
   It has a curse which improves the following skills: Companions: Summonings
   and Necromancy.
   Fortitude: Armour and Shields.
 j - the cursed +2 hat "Behold Eternity" (worn) {Cun, Alch}
   (You found it on level 1 of the Dungeon)

   It has a curse which improves the following skills: Cunning: Dodging and
   Stealth.
   Alchemy:   Poison Magic and Transmutations.
 u - the cursed +1 cloak of the Unveiling Prison (worn) {Alch, Evo}
   (You found it on level 3 of the Dungeon)

   It has a curse which improves the following skills: Alchemy: Poison Magic and
   Transmutations.
   Evocations: Evocations.
 v - the cursed +2 pair of gloves of Supernal Knowledge (worn) {rN++ Int-5 Slay+6 Stlth+, Melee, Self}
   (You acquired it in a bailey)

   Int:       It affects your intelligence (-5).
   Slay:      It affects your accuracy & damage with ranged weapons and melee
   (+6).
   rN:        It greatly protects you from negative energy.
   Stlth:     It makes you more stealthy.
   It has a curse which improves the following skills: Melee Combat: Short
   Blades, Long Blades, Axes, Maces & Flails, Polearms, Staves and Unarmed
   Combat.
   Introspection: Fighting and Spellcasting.
 y - a +4 troll leather armour
 z - the cursed +0 kite shield "Share My Unpleasantness" (worn) {Fort, Elem}
   (You took it off a gnoll sergeant on level 9 of the Dungeon)

   It has a curse which improves the following skills: Fortitude: Armour and
   Shields.
   Elements:  Fire Magic, Ice Magic, Air Magic and Earth Magic.
 G - the +0 pair of gloves "Vorezux" {Fly rF+}
   (You found it on level 10 of the Dungeon)

   rF:        It protects you from fire.
   Fly:       It grants you flight.
Jewellery
 a - a +6 ring of intelligence
 q - the cursed ring "Bound Submission" (left hand) {Slay+4, Range, Fort}
   (You found it on level 2 of the Dungeon)

   [ring of slaying]

   Slay:      It affects your accuracy & damage with ranged weapons and melee
   (+4).
   It has a curse which improves the following skills: Ranged Combat: Ranged
   Weapons and Throwing.
   Fortitude: Armour and Shields.
 r - a ring of protection from cold (right hand)
 w - a +6 ring of strength
Wands
 e - a wand of iceblast (16)
 t - a wand of digging (4)
 B - a wand of flame (41)
 C - a wand of paralysis (6)
 D - a wand of mindburst (36)
Scrolls
 f - a scroll of brand weapon
 h - 2 scrolls of blinking
 k - 4 scrolls of magic mapping
 E - 3 scrolls of teleportation
 H - a scroll of fear
 I - a scroll of silence
 J - a scroll of fog
 M - a scroll of amnesia
Potions
 c - 3 potions of cancellation
 i - 3 potions of invisibility
 n - 4 potions of might
 o - 9 potions of curing
 s - 2 potions of resistance
 x - a potion of haste
 F - 3 potions of mutation


   Skills:
 * Level 10.9(13.6) Fighting
 * Level 13.3(15.0) Long Blades
 + Level 0.1(0.3) Throwing
 * Level 10.5(14.0) Armour
 * Level 11.0(12.8) Dodging
 + Level 2.9(4.5) Stealth
 + Level 2.1(4.8) Shields
 + Level 0.1(0.4) Spellcasting
 + Level 0.1(0.3) Hexes
 - Level 7.5(10.3) Transmutations
 - Level 3.7(5.4) Evocations


You had 13 spell levels left.
You didn't know any spells.
Your spell library contained the following spells:

 Spells                   Type           Power      Damage    Failure   Level
 Foxfire                  Conj/Fire      0%         2x1d4     100%        1
 Magic Dart               Conj           0%         1d3       100%        1
 Necrotise                Necr           0%         1d4       100%        1
 Shock                    Conj/Air       0%         1d3       100%        1
 Summon Small Mammal      Summ           0%         N/A       100%        1
 Searing Ray              Conj           0%         2d4       100%        2
 Sublimation of Blood     Necr           0%         N/A       100%        2
 Call Canine Familiar     Summ           0%         N/A       100%        3
 Dazzling Flash           Conj/Hex       0%         N/A       100%        3
 Ignite Poison            Fire/Tmut/Pois 5%         N/A       100%        3
 Inner Flame              Hex/Fire       0%         N/A       100%        3
 Ozocubu's Armour         Ice            0%         N/A       100%        3
 Summon Guardian Golem    Hex/Summ       0%         N/A       100%        3
 Swiftness                Air            0%         N/A       100%        3
 Vampiric Draining        Necr           0%         2d6       100%        3
 Airstrike                Air            0%         2d(0-16)  100%        4
 Animate Armour           Summ/Erth      0%         N/A       100%        4
 Flame Wave               Conj/Fire      0%         2d4       100%        4
 Fulminant Prism          Conj/Hex       0%         3d5       100%        4
 Petrify                  Tmut/Erth      7%         N/A       100%        4
 Sticky Flame             Conj/Fire      0%         2d3       100%        4
 Agony                    Necr           0%         N/A       100%        5
 Blade Hands              Tmut           7%         N/A       100%        5
 Fireball                 Conj/Fire      0%         3d3       100%        5
 Irradiate                Conj/Tmut      3%         3d12      100%        5
 Silence                  Hex/Air        0%         N/A       100%        5
 Yara's Violent Unravell  Hex/Tmut       3%         3d4       100%        5
 Iron Shot                Conj/Erth      0%         9d1       100%        6
 Plasma Beam              Fire/Air       0%         2x1d11    100%        6
 Starburst                Conj/Fire      0%         6d3       100%        6
 Enfeeble                 Hex            0%         N/A       100%        7
 Ozocubu's Refrigeration  Ice            0%         4d7       100%        7
 Ignition                 Fire           0%         3d3       100%        8


Dungeon Overview and Level Annotations

Branches:
Dungeon (14/15)            Temple (0/1) D:5            Lair (0/5) D:11
    Orc (0/2) D:9          Bailey (visited)
 Vaults: D:13-14

Altars:
Ashenzari
Dithmenos
Elyvilon
Fedhas
Kikubaaqudgha
Nemelex Xobeh
Qazlal
Trog
Uskayaw
Vehumet
Wu Jian
Xom
The Shining One

Shops:
D:11 (

Annotations:
D:14 Agnes


Innate Abilities, Weirdness & Mutations

You are weak. (Str -2)


Message History

Okay, then.
Okay, then.
As you read the scroll of fear, it crumbles to dust.
You assume a fearsome visage.
Agnes looks frightened!
Agnes looks more healthy.
Things that are here:
a +0 dagger; a +0 robe
There is a stone staircase leading up here.
You start resting.
You flicker for a moment.
You start resting.
You flicker back into view.
You start resting.
Agnes is nearby!
Agnes shouts!
You climb upwards.
There is a stone staircase leading down here.
You start resting.
HP restored.
You climb downwards.
Level annotation: Agnes Agnes hits you with a +4 lajatang of pain!
Agnes hits you with a +4 lajatang of pain!!
Agnes barely misses you.
There is a stone staircase leading up, spattered with blood here.
Okay, then.
Aiming: Paralyse
Press: ? - help, Shift-Dir - straight line, f - Agnes
Aim: Agnes, wielding a +4 lajatang of pain and wearing a +2 robe of resistance (chance to affect: 6%) Agnes resists with almost no effort.
Agnes hits you with a +4 lajatang of pain!!
Agnes hits you with a +4 lajatang of pain!
You are confused.
You feel invigorated.
Agnes hits you with a +4 lajatang of pain!!
* * * LOW HITPOINT WARNING * * *
Agnes hits you with a +4 lajatang of pain.
* * * LOW HITPOINT WARNING * * *
Agnes hits you with a +4 lajatang of pain!!
You die...

*#.............#
#..######.##.## *,
#..# #)##.# *, #..#
#.##.# * , #..# #.##.#
* ####..######.##.# *
#..........#.##.####.#
#.##i.####.#.........#
* #.@# #.####.###..# *
*#..####...........#
*#.................. *
*##........######.## *
######.### *# * #.#
**#.# , , ,..# *###


You could see Agnes.

Vanquished Creatures
  A cacodemon (D:9)
  Harold (D:11)
  3 boulder beetles
  A centaur warrior (D:12)
  7 two-headed ogres
  2 tengu warriors
  The ghost of Arzdou the Nimble, a novice GnMo of the Shining One (D:9)
  A glowing orange brain (D:9)
  A wizard (D:14)
  8 ugly things
  An orc knight (Bailey)
  8 cyclopes
  2 gargoyles
  3 unseen horrors
  A meliai (D:9)
  5 trolls
  A queen bee (shapeshifter) (D:9)
  Prince Ribbit (D:7)
  A slime creature (D:9)
  A vampire (D:12)
  4 wraiths
  A shadow (D:9)
  A wyvern (D:9)
  6 yaks (D:8)
  2 basilisks (D:11)
  Eustachio (D:4)
  A steam dragon (D:9)
  3 redbacks (D:13)
  2 neqoxecs (D:9)
  3 vampire mosquitoes (D:13)
  A naga (shapeshifter) (D:9)
  2 acid dragons (D:10)
  17 water moccasins
  18 orc warriors
  A swamp drake (D:10)
  A sky beast (D:7)
  A tengu (shapeshifter) (D:9)
  2 black bears
  6 ogres
  2 wolves (D:11)
  A centaur (D:7)
  6 kobold brigands
  6 bullfrogs
  4 gnoll sergeants
  6 scorpions
  8 wights
  16 killer bees
  4 electric eels
  8 howler monkeys
  4 jellies
  9 orc priests
  3 sleepcaps
  4 hounds
  A gnoll bouda (D:4)
  5 iguanas (D:7)
  6 orc wizards
  Robin (D:2)
  5 gnolls
  24 adders
  A shadow imp (D:7)
  2 white imps
  An ufetubus (D:7)
  3 worms
  A dart slug (shapeshifter) (D:9)
  2 dart slugs
  43 orcs
  6 endoplasms
  2 giant cockroaches
  15 goblins
  8 hobgoblins
  8 jackals
  A quokka (D:5)
  3 ball pythons
  4 bats
  3 frilled lizards
  20 kobolds
  8 rats
377 creatures vanquished.

Vanquished Creatures (others)
  A hound (D:11)
  3 plants (D:10)
4 creatures vanquished.

Grand Total: 381 creatures vanquished

Notes
Turn   | Place    | Note
-------+----------+-------------------------------------------
     0 | D:1      | Borgoz the Human Monk began the quest for the Orb.
     0 | D:1      | Reached XP level 1. HP: 18/18 MP: 1/1
   229 | D:1      | Reached XP level 2. HP: 24/24 MP: 2/2
   343 | D:1      | Reached skill level 1 in Armour
   458 | D:1      | Reached XP level 3. HP: 29/29 MP: 3/3
   793 | D:2      | Noticed Robin
   833 | D:2      | Killed Robin
   834 | D:2      | Reached XP level 4. HP: 26/35 MP: 4/4
  1804 | D:3      | Reached XP level 5. HP: 24/42 MP: 5/5
  2177 | D:3      | Noticed an ogre
  2181 | D:3      | Killed an ogre
  2182 | D:3      | Reached skill level 4 in Long Blades
  2182 | D:3      | Reached XP level 6. HP: 48/48 MP: 6/6
  2308 | D:3      | Found a broken altar of Ashenzari.
  2314 | D:3      | Became a worshipper of Ashenzari the Shackled
  2402 | D:3      | Found a shadowy altar of Dithmenos.
  2547 | D:3      | Found a hide-covered altar of Uskayaw.
  2726 | D:4      | Reached * piety under Ashenzari
  2733 | D:4      | Noticed Eustachio
  2775 | D:4      | Killed Eustachio
  2776 | D:4      | Reached XP level 7. HP: 41/55 MP: 7/7
  2856 | D:4      | Reached skill level 5 in Long Blades
  2951 | D:4      | Reached ** piety under Ashenzari
  2969 | D:4      | Found a white marble altar of Elyvilon.
  3082 | D:4      | Found an ancient bone altar of Kikubaaqudgha.
  3253 | D:5      | Entered Level 5 of the Dungeon
  3317 | D:5      | Found a staircase to the Ecumenical Temple.
  3378 | D:5      | Reached XP level 8. HP: 39/61 MP: 8/8
  3394 | D:5      | Identified the cursed +2 hat "Behold Eternity" {Cun, Alch}
                  | (You found it on level 1 of the Dungeon)
  3685 | D:5      | Found a sparkling altar of Nemelex Xobeh.
  3826 | D:5      | Reached skill level 5 in Dodging
  3833 | D:5      | Reached skill level 5 in Fighting
  4003 | D:5      | Reached skill level 6 in Long Blades
  4099 | D:5      | Found a shimmering altar of Xom.
  4557 | D:6      | Reached XP level 9. HP: 50/71 MP: 9/9
  4559 | D:6      | Reached skill level 7 in Long Blades
  5071 | D:6      | Reached skill level 5 in Armour
  5112 | D:6      | Identified the +0 pair of gloves of Roocveg {-Tele Int+3
                  | Dex+4}
  5311 | D:7      | Reached skill level 1 in Transmutations
  5320 | D:7      | Noticed Prince Ribbit
  5340 | D:7      | Killed Prince Ribbit
  5341 | D:7      | Reached skill level 8 in Long Blades
  5469 | D:7      | Found a bloodstained altar of Trog.
  5578 | D:7      | Found a glowing golden altar of the Shining One.
  5712 | D:7      | Found a flagged portal.
  5858 | Bailey   | Entered a bailey
  5860 | Bailey   | Reached *** piety under Ashenzari
  5899 | Bailey   | Reached XP level 10. HP: 62/80 MP: 10/10
  6353 | Bailey   | Reached skill level 9 in Long Blades
  6361 | Bailey   | Identified the +5 bardiche "Dair" {flame, rPois Str+4}
  6366 | Bailey   | Identified a scroll of acquirement
  6366 | Bailey   | Noticed an orc knight
  6388 | Bailey   | Killed an orc knight
  6401 | Bailey   | Acquired the +2 pair of gloves "Momur" {rN++ Int-5 Slay+6
                  | Stlth+}
  6408 | Bailey   | Reached **** piety under Ashenzari
  7575 | D:8      | Reached XP level 11. HP: 90/90 MP: 11/11
  7596 | D:8      | Noticed a cyclops
  7603 | D:8      | Killed a cyclops
  7604 | D:8      | Reached skill level 10 in Long Blades
  7851 | D:9      | Noticed a cyclops
  7857 | D:9      | Killed a cyclops
  7859 | D:9      | Found a runed translucent gate.
  7859 | D:9      | Found a runed translucent gate.
  7859 | D:9      | Found a runed translucent gate.
  7859 | D:9      | Noticed a brown ugly thing
  7860 | D:9      | Noticed a brown ugly thing
  7860 | D:9      | Noticed a brown ugly thing
  7860 | D:9      | Noticed a swamp dragon
  7861 | D:9      | Noticed a cyclops
  7861 | D:9      | Noticed a purple ugly thing
  7863 | D:9      | Noticed a tengu warrior
  7863 | D:9      | Noticed a cyclops
  7864 | D:9      | Noticed a two-headed ogre
  7867 | D:9      | Noticed a brown ugly thing
  7868 | D:9      | Noticed a fire crab
  7869 | D:9      | Noticed a glowing orange brain
  7869 | D:9      | a fire crab changed into a yak
  7889 | D:9      | Killed a purple ugly thing
  7909 | D:9      | Reached skill level 5 in Transmutations
  7918 | D:8      | Killed a two-headed ogre
  8036 | D:9      | Killed a tengu warrior
  8044 | D:9      | Killed a cyclops
  8257 | D:9      | Killed a cyclops
  8261 | D:9      | Reached skill level 11 in Long Blades
  8400 | D:9      | Noticed a deep troll
  8400 | D:9      | a deep troll changed into a manticore
  8400 | D:9      | Noticed a manticore (glowing shapeshifter)
  8401 | D:9      | a manticore changed into a merfolk
  8440 | D:9      | Found a stormy altar of Qazlal.
  8450 | D:9      | Noticed a two-headed ogre
  8456 | D:9      | Noticed a two-headed ogre
  8459 | D:9      | Killed a two-headed ogre
  8460 | D:9      | Reached XP level 12. HP: 100/100 MP: 12/12
  8469 | D:9      | Killed a two-headed ogre
  8485 | D:9      | Identified the +1 chain mail of Shielding {rN+++ Will+++
                  | Str-5 Dex-2}
  8769 | D:9      | Found a staircase to the Orcish Mines.
  9239 | D:7      | Reached skill level 12 in Long Blades
  9239 | D:7      | Reached XP level 13. HP: 100/109 MP: 13/13
  9441 | D:9      | Found a runed translucent gate.
  9441 | D:9      | Found a runed translucent gate.
  9444 | D:9      | Noticed a cacodemon
  9445 | D:9      | Noticed Arzdou's ghost (novice GnMo)
  9445 | D:9      | Found a runed translucent gate.
  9463 | D:9      | Killed Arzdou's ghost
  9468 | D:9      | Gained mutation: You are weak. (Str -2) [a cacodemon]
  9471 | D:9      | Killed a cacodemon
  9477 | D:9      | Reached skill level 10 in Dodging
  9605 | D:10     | Entered Level 10 of the Dungeon
  9642 | D:10     | Identified the +0 pair of gloves "Vorezux" {Fly rF+}
  9672 | D:10     | Reached skill level 10 in Fighting
 10036 | D:10     | Found an ornate altar of the Wu Jian Council.
 10186 | D:10     | Found a blossoming altar of Fedhas.
 10289 | D:10     | Found a radiant altar of Vehumet.
 10988 | D:11     | Reached XP level 14. HP: 99/119 MP: 14/14
 11093 | D:11     | Noticed Harold
 11100 | D:11     | Killed Harold
 11210 | D:11     | Found a staircase to the Lair.
 11849 | D:11     | Found Radif's Weapon Emporium.
 11893 | D:11     | Reached skill level 10 in Armour
 11938 | D:11     | Reached skill level 13 in Long Blades
 12077 | D:11     | Reached ***** piety under Ashenzari
 13148 | D:13     | Identified the +4 falchion "Zoqet" {venom, rC- rN+++ Int+5}
 14155 | D:14     | Noticed Agnes
 14163 | D:14     | HP: 4/118 [Agnes/+4 lajatang of pain (11)]
 14460 | D:14     | Mangled by Agnes

Illustrated notes

Levels and vault maps discovered:
D:1:      evilmike_arrival_home_sweet_home, layout_loops_ring
D:2:      layout_basic, kennysheep_pointless_box, minivault_19, uniq_robin
D:3:      layout_basic, ashenzari_altar_1, nicolae_uskayaw_suspiria,
          nicolae_dithmenos_through_a_glass_darkly
D:4:      minmay_spotlight, layout_rooms, kiku_gazebo_pond_becter,
          lemuel_crystal_altar, uniq_eustachio
D:5:      layout_loops_corners, lemuel_coloured_pillars_altar,
          mainiacjoe_overflow_24_doors, minmay_temple_entry_overgrown
D:6:      layout_loops_ring, hangedman_abyss_or_decor_passed
D:7:      layout_basic, amcnicky_altar_gilded, general_overflow_altar,
          enter_bailey_3, nicolae_fountain_basement, uniq_prince_ribbit1
D:8:      layout_layer_cave
D:9:      minmay_bloctagon, layout_cave_pools, kennysheep_little_box,
          kennysheep_orc_monster_closet_entryway,
          ploomutoo_gammafunk_ghost_potion_laboratory
D:10:     lemuel_reptile_caves, layout_irregular_city, lemuel_tele_altar,
          mainiacjoe_overflow_boulevard, mainiacjoe_overflow_six_doors_small
D:11:     layout_loops_ring, erik_lair_island, serial_shops,
          nicolae_shop_getting_attention, uniq_harold
D:12:     layout_loops_ring, minivault_20
D:13:     layout_irregular_city
D:14:     layout_loops_ring, david_vaults_5, trove_entry_hex_spiral,
          kennysheep_opposing_triangles, uniq_rupert, uniq_kirke, uniq_agnes

Skill      XL: |  1  2  3  4  5  6  7  8  9 10 11 12 13 14 |
---------------+-------------------------------------------+-----
Armour         | 1 2 3 4 5 6 7 8 9 10 | 10.5
Dodging        | 4 5 6 7 8 9 10 11 | 11.0
Fighting       | 4 5 6 7 8 9 10 | 10.9
Long Blades    | 4 5 6 8 9 11 12 13 | 13.3
Transmutations | 2 4 5 6 7 |  7.5
Stealth        | 2 |  2.9
Shields        | 2 |  2.1
Evocations     | 2 3 |  3.7
Throwing       | |  0.1
Spellcasting   | |  0.1
Hexes          | |  0.1

Action                     |  1- 3 |  4- 6 |  7- 9 | 10-12 | 13-15 || total
---------------------------+-------+-------+-------+-------+-------++-------
  Melee: Falchion          |    86 |   130 |   210 |   102 |       ||   528
         Scimitar          |       |       |       |   226 |   389 ||   615
  Throw: Dart              |       |     4 |       |     4 |     1 ||     9
         Throwing net      |       |       |       |       |     1 ||     1
 Invoke: Curse Item        |       |     2 |     3 |     2 |     3 ||    10
         Shatter the Chain |       |       |       |     2 |     1 ||     3
  Evoke: Wand              |       |       |     3 |       |     5 ||     8
    Use: Scroll            |       |     5 |     2 |     4 |     2 ||    13
         Potion            |       |     1 |     1 |     5 |     4 ||    11
   Stab: Confused          |       |       |       |       |     2 ||     2
 Armour: Robe              |    20 |       |       |       |       ||    20
         Ring mail         |       |     6 |       |       |       ||     6
         Scale mail        |       |    51 |       |       |       ||    51
         Skin              |       |       |    17 |       |       ||    17
         Leather armour    |       |       |    45 |    45 |       ||    90
         Troll leather arm |       |       |       |    17 |       ||    17
         Chain mail        |       |       |       |    41 |   211 ||   252
  Dodge: Dodged            |    52 |   143 |   186 |   358 |   173 ||   912
  Block: Kite shield       |       |       |       |       |   168 ||   168
